 Dungeon Crawl Stone Soup version 0.28-a0-48-gfd831c5874 (webtiles) character file.

Game seed: 7972128687510192621

310 Spectrina the Conjurer (level 6, 0/36 HPs)
             Began as a Deep Elf Delver on July 30, 2021.
             Was a Follower of Dithmenos.
             Slain by an orc (8 damage)
             ... on level 6 of the Dungeon.
             The game lasted 00:14:10 (1584 turns).

Spectrina the Conjurer (Deep Elf Delver)            Turns: 1584, Time: 00:14:10

Health: 0/36       AC:  4    Str:  9    XL:     6   Next: 17%
Magic:  9/9        EV: 12    Int: 17    God:    Dithmenos [*.....]
Gold:   234        SH:  0    Dex: 16    Spells: 7/7 levels left

rFire   . . .      SeeInvis .   a - +1 short sword
rCold   . . .      Faith    .   (no shield)
rNeg    . . .      Spirit   .   b - +1 leather armour
rPois   +          Reflect  .   (no helmet)
rElec   .          Harm     .   (no cloak)
rCorr   .          Rampage  .   (no gloves)
Will    .....                   (no boots)
Stlth   +++.......              (no amulet)
HPRegen 0.12/turn               l - ring of wizardry
MPRegen 0.11/turn               j - ring of poison resistance

@: hasted, wreathed by umbra, very quick
A: no striking features
a: Renounce Religion


You were on level 6 of the Dungeon.
You worshipped Dithmenos.
Dithmenos was aware of your devotion.
You visited 1 branch of the dungeon, and saw 6 of its levels.

You collected 234 gold pieces.

Inventory:

Hand Weapons
 a - a +1 short sword (weapon)
 n - a +0 dagger
Missiles
 m - 42 bolts
 o - 38 arrows
 p - 9 stones (quivered)
Armour
 b - a +1 leather armour (worn)
Jewellery
 h - a ring of protection from fire
 i - a ring of magical power
 j - a ring of poison resistance (right hand)
 l - a ring of wizardry (left hand)
Wands
 g - a wand of digging (3)
Scrolls
 c - a scroll of fog
 d - 3 scrolls of magic mapping
Potions
 f - a potion of haste


   Skills:
 - Level 2.4 Fighting
 - Level 2.0 Short Blades
 - Level 2.4 Dodging
 - Level 6.0 Stealth
 - Level 1.0 Spellcasting
 + Level 6.7 Conjurations


You had 7 spell levels left.
You didn't know any spells.
Your spell library contained the following spells:

 Spells                   Type           Power      Damage    Failure   Level
 Summon Guardian Golem    Hex/Summ       0%         N/A       32%         3
 Orb of Destruction       Conj           11%        9d5       99%         7
 Spellforged Servitor     Conj/Summ      6%         N/A       100%        7


Dungeon Overview and Level Annotations

Branches:
Dungeon (6/15)
 Temple: D:4-7

Altars:
Dithmenos
Vehumet
Yredelemnul

Annotations:
D:4 Edmund, Grinder


Message History

Unknown command.
f - 2 potions of haste (gained 1)
You are confused.
The orc misses you.
A puff of flame appears from out of thin air!
The puff of flame misses you.
Okay, then.
You're too confused to move!
You feel less confused.
A magic dart appears from out of thin air!
The magic dart hits you. The orc closely misses you.
Unknown command.
Okay, then.
As you read the scroll labelled ITODUO EGERCH, it crumbles to dust.
It is a scroll of enchant armour.
Your +0 leather armour glows green for a moment.
The orc hits you but does no damage.
As you read the scroll labelled JOASAR ZOTIUSU, it crumbles to dust.
It is a scroll of amnesia.
You feel forgetful for a moment.
The howler monkey hoots and howls with incredible vigour!
The orc hits you with a +0 flail. The orc closely misses you.
You hear a howl!
You hear a shout! x2; You hear an angry hiss.
As you read the scroll labelled COALYZXERECU, it crumbles to dust.
It is a scroll of identify.
You don't have any unidentified items.
The orc hits you but does no damage. x2
You hear some strange, mumbled words.
Something tries to affect you, but you resist.
The howler monkey misses you.
You hear some strange, mumbled words.
A puff of flame appears from out of thin air!
The puff of flame misses you.
You feel yourself speed up. The howler monkey closely misses you.
The orc barely misses you.
An adder comes into view.
You hit something. The howler monkey hits you.
* * * LOW HITPOINT WARNING * * *
The orc hits you with a +0 flail!
You die...

#.......###...####..
#......###....#####.
.......####.h......)
...##...# #..##.#...
#. #...# #.#####...
# ##...###...####..
#..#...#.........
##................
#@ho....S.........
##oZ..............
##...............
###.............
#.............
#....###..... #....#
..#. ###..# ..#


You could see a howler monkey, an adder, 2 orcs and a howler monkey zombie.

Vanquished Creatures
  A black bear (D:4)
  A bullfrog (D:4)
  A scorpion (D:4)
  An orc priest (D:3)
  2 adder skeletons (D:4)
  3 worms
  4 orcs
  3 ball pythons
  2 bats
  3 endoplasms
  A giant cockroach (D:4)
  2 goblins
  10 jackals
  A kobold (D:2)
  2 quokkas
  2 frilled lizards
  A rat (D:1)
40 creatures vanquished.

Vanquished Creatures (others)
  A fungus (D:2)
  5 toadstools (D:2)
6 creatures vanquished.

Grand Total: 46 creatures vanquished

Notes
Turn   | Place    | Note
-------+----------+-------------------------------------------
     0 | D:5      | Spectrina the Deep Elf Delver began the quest for the Orb.
     0 | D:5      | Reached XP level 1. HP: 13/13 MP: 3/3
     5 | D:5      | Noticed an orc priest
    16 | D:5      | Noticed an iguana
    26 | D:5      | Reached skill level 1 in Spellcasting
    29 | D:5      | Found a radiant altar of Vehumet.
    40 | D:5      | Noticed an ice beast
    40 | D:5      | Noticed a jelly
    65 | D:4      | Noticed an iguana
    86 | D:4      | Noticed a scorpion
   101 | D:3      | Reached skill level 1 in Conjurations
   129 | D:3      | Found a shadowy altar of Dithmenos.
   176 | D:3      | Became a worshipper of Dithmenos the Shadowed
   248 | D:2      | Reached XP level 2. HP: 12/18 MP: 5/5
   480 | D:1      | Found a faded altar of an unknown god.
   636 | D:2      | Reached XP level 3. HP: 20/22 MP: 6/6
   663 | D:2      | You fall into a shaft and drop 1 floor!
   748 | D:3      | Reached * piety under Dithmenos
   908 | D:3      | Reached XP level 4. HP: 22/27 MP: 7/7
   978 | D:4      | Found a basalt altar of Yredelemnul.
  1000 | D:4      | Noticed a bullfrog
  1000 | D:4      | Noticed a scorpion
  1009 | D:4      | Killed a bullfrog
  1010 | D:4      | Reached skill level 5 in Conjurations
  1010 | D:4      | Reached XP level 5. HP: 31/31 MP: 8/8
  1070 | D:4      | Noticed a black bear
  1138 | D:4      | Killed a black bear
  1139 | D:4      | Reached XP level 6. HP: 12/36 MP: 9/9
  1185 | D:4      | Noticed Edmund
  1202 | D:4      | Noticed Grinder
  1527 | D:6      | Noticed a vampire
  1584 | D:6      | Slain by an orc

Illustrated notes

Levels and vault maps discovered:
D:1:      elethiomel_arrival_infinity_welcomes_careful_drivers,
          layout_loops_ring, serial_shops, nicolae_shop_stone,
          shapermc_ecumenical_altar_totnotflames, st_stairs_3,
          palyth_stone_intersect
D:2:      cheibrodos_greedy_goblins, layout_loops_cross,
          minmay_gold_behind_fungi, amcnicky_mini_corridor_feature,
          minmay_joined_circles
D:3:      layout_loops_ring, nicolae_dithmenos_shadow_blocks, minivault_27
D:4:      layout_loops_cross, mainiacjoe_overflow_24_doors, uniq_edmund,
          uniq_grinder
D:5:      layout_cave_pools, mainiacjoe_overflow_concentric_impassable,
          gammafunk_temple_overflow_arena, chequers_serial_rivers_large_a
D:6:      layout_cave_pools, nicolae_uskayaw_suspiria,
          minmay_temple_entry_slanted, st_stairs_2, minmay_strange_pillars

Skill      XL: |  1  2  3  4  5 |
---------------+----------------+-----
Spellcasting   | 1 |  1.0
Conjurations   | 1 2 3 5 6 |  6.7
Fighting       | |  2.4
Short Blades   | |  2.0
Dodging        | |  2.4
Stealth        | |  6.0

Action                   |  1- 3 |  4- 6 || total
-------------------------+-------+-------++-------
Melee: Short sword       |    86 |    49 ||   135
       Dagger            |     8 |     6 ||    14
  Use: Scroll            |     1 |     5 ||     6
       Potion            |     1 |     2 ||     3
 Stab: Sleeping          |     9 |     7 ||    16
Armor: Leather armour    |    12 |    11 ||    23
Dodge: Dodged            |    50 |    61 ||   111

Table legend: (Time is in decaauts)
 A = Elapsed time spent in this place.
 B = Non-inter-level travel time spent in this place.
 C = Inter-level travel time spent in this place.
 D = Time resting spent in this place.
 E = Time spent auto-exploring this place.
 F = Levels seen in this place.
 G = Mean time per level.
                   A        B        C        D        E       F      G
               +--------+--------+--------+--------+--------+-----+--------+
         Total |   1557 |   1545 |     12 |      0 |      0 |   6 |  259.5 |
       Dungeon |   1557 |   1545 |     12 |      0 |      0 |   6 |  259.5 |
               +--------+--------+--------+--------+--------+-----+--------+

Top non-repeatable levels by time:
     D:3: 598 daAuts
     D:4: 391 daAuts
     D:2: 216 daAuts
     D:1: 215 daAuts
     D:5: 76 daAuts
     D:6: 59 daAuts
